 Dungeon Crawl Stone Soup version 0.30-a0-585-g93115170b9 (webtiles) character file.

Game seed: 11139928535967333126

152 lunkers the Cudgeller (level 5, -7/45 HPs)
             Began as a Meteoran Cinder Acolyte on Jan 2, 2023.
             Was a High Priest of Ignis.
             Mangled by an orc priest
             ... wielding a +0 falchion
              (9 damage)
             ... on level 3 of the Dungeon.
             The game lasted 00:02:37 (1226 turns).

lunkers the Cudgeller (Meteoran Cinder Acolyte)     Turns: 1226, Time: 00:02:37

Health: -7/45      AC:  2    Str: 15    XL:     5   Next: 92%
Magic:  1/10       EV: 11    Int: 17    God:    Ignis [*****.]
Gold:   94         SH:  0    Dex: 10    Spells: 8/10 levels left

rFire   + . .      SeeInvis .    e - +3 dagger (venom)
rCold   . . .      Faith    .    (no shield)
rNeg    . . .      Spirit   .    b - +0 robe
rPois   .          Reflect  .    (no helmet)
rElec   .          Harm     .    (no cloak)
rCorr   .          Rampage  .    (no gloves)
Will    .....                    (no boots)
Stlth   +                        (no amulet)
HPRegen 0.27/turn                (no ring)
MPRegen 0.12/turn                (no ring)

@: glowing
A: sense surroundings 1, otherworldly, glowing, explore regen
a: Renounce Religion, Fiery Armour, Foxfire Swarm, Rising Flame


You were on level 3 of the Dungeon.
You worshipped Ignis.
Ignis was extremely pleased with you.
You visited 1 branch of the dungeon, and saw 3 of its levels.

You collected 94 gold pieces.

Inventory:

Hand Weapons
 a - a -1 mace of flaming
 e - a +3 dagger of venom (weapon)
 p - a +0 club
 r - a +2 dagger of speed
Missiles
 m - a throwing net
Armour
 b - a +0 robe (worn)
 q - a +0 robe
Wands
 l - a wand of flame (12)
Scrolls
 c - a scroll of poison {unknown}
 d - 2 scrolls of identify {unknown}
 f - a scroll of magic mapping {unknown}
 g - 2 scrolls of brand weapon {unknown}
 h - 2 scrolls of enchant weapon {unknown}
 i - a scroll of fear {unknown}
 k - a scroll of immolation {unknown}
 n - a scroll of teleportation {unknown}
 o - a scroll of amnesia {unknown}
Potions
 j - 2 potions of lignification {unknown}


   Skills:
 - Level 3.2 Fighting
 * Level 2.8 Short Blades
 - Level 5.1 Maces & Flails
 - Level 3.0 Spellcasting
 + Level 4.6 Fire Magic


You had 8 spell levels left.
You knew the following spells:

 Your Spells              Type           Power      Damage    Failure   Level
b - Scorch                Fire           36%        2d6       3%          2

Your spell library contained the following spells:

 Spells                   Type           Power      Damage    Failure   Level


Dungeon Overview and Level Annotations

Branches:
Dungeon (3/15) Zot: 567

Altars:


Innate Abilities, Weirdness & Mutations

You passively map a small area around you.
You are easily found by Zot.
You glow in the dark.
You regain HP and MP as you explore.


Message History

Unknown command.
Casting: Scorch (safe; 4% risk of failure)
Press: ? - help, Q - select action, (/) - cycle Dir - look around, f - activate Flames lash the adder.
The adder is burned terribly!
You kill the adder!
The orc priest calls down the wrath of Beogh upon you.
Beogh smites you!
* * * LOW HITPOINT WARNING * * *
Casting: Scorch (safe; 3% risk of failure)
Press: ? - help, Q - select action, (/) - cycle Dir - look around, f - activate Flames lash the orc but do no damage.
The orc hits you with a +0 mace.
* * * LOW HITPOINT WARNING * * *
Casting: Scorch (safe; 3% risk of failure)
Press: ? - help, Q - select action, (/) - cycle Dir - look around, f - activate Flames lash the orc.
You kill the orc!
* * * LOW MAGIC WARNING * * *
Unknown command.
Casting: Scorch (safe; 3% risk of failure)
Press: ? - help, Q - select action, (/) - cycle Dir - look around, f - activate Flames lash the orc priest.
The orc priest is lightly wounded.
The orc priest's fire resistance burns away.
* * * LOW MAGIC WARNING * * *
The orc priest barely misses you.
Unknown command.
You hit the orc priest.
The orc priest is poisoned.
The orc priest is heavily wounded.
The orc priest hits you with a +0 falchion.
* * * LOW HITPOINT WARNING * * *
You closely miss the orc priest.
The orc priest is severely wounded.
The orc priest is no longer more vulnerable to fire.
The orc priest closely misses you.
Unknown command.
You barely miss the orc priest.
The orc priest is severely wounded.
The orc priest hits you with a +0 falchion!
You die...

)[#..#... ######.#
..>..# .. #......#
..#..... #......##
.##.#...$#.##[...... ###
##..##.....##......#
....
#.#........#......#...#
#.............#.)...# *
##..#......#.##.#o#.#.#
.........#..##.♣@## .⌠ *
, ...........####.#.#
*.# *
.!.....<...#.#.#.#^#,*.#
..........#.♣.###.⌠.# .♣
........)..#.#.#,#.#.# .
...#.......####.# #.#.#
............#* ♣.#*#.⌠.#
.#.#.#..#.#..# #.#,#.##
.#...#..#...... ... #.


You could see an orc priest (very poisoned).

Vanquished Creatures
  An orc priest (D:3)
  Ijyb (D:3)
  An orc wizard (D:3)
  3 adders
  A dart slug (D:2)
  4 orcs (D:3)
  A ball python (D:2)
  A bat (D:1)
  3 endoplasms
  2 giant cockroaches
  5 goblins
  3 hobgoblins
  2 quokkas (D:2)
  A frilled lizard (D:1)
  4 kobolds
  6 rats
39 creatures vanquished.

Notes
Turn   | Place    | Note
-------+----------+-------------------------------------------
     0 | D:1      | lunkers the Meteoran Cinder Acolyte began the quest for the
                  | Orb.
     0 | D:1      | Reached XP level 1. HP: 19/19 MP: 3/3
   176 | D:1      | Reached XP level 2. HP: 20/26 MP: 5/5
   181 | D:1      | Learned a level 2 spell: Scorch
   419 | D:2      | Found a faded altar of an unknown god.
   422 | D:2      | Reached skill level 5 in Maces & Flails
   482 | D:2      | HP: 1/26 [poisoned by a kobold]
   579 | D:2      | Reached XP level 3. HP: 25/31 MP: 1/6
   647 | D:2      | Reached skill level 1 in Short Blades
   809 | D:2      | Reached XP level 4. HP: 24/38 MP: 0/7
  1035 | D:3      | Noticed Ijyb
  1050 | D:3      | Killed Ijyb
  1134 | D:3      | Reached XP level 5. HP: 22/45 MP: 0/9
  1224 | D:3      | HP: 2/45 [orc priest/+0 falchion (4)]
  1226 | D:3      | Mangled by an orc priest

Illustrated notes

Levels and vault maps discovered:
D:1:      grunt_arrival_crossed_arrows, layout_basic, minmay_misc_feat_encased
D:2:      layout_basic, hellmonk_ecumenical_altar_lost_god
D:3:      layout_rooms, grunt_decor_mini_mirrors, uniq_ijyb

Skill      XL: |  1  2  3  4  5 |
---------------+----------------+-----
Maces & Flails | 5 |  5.1
Short Blades   | 1 2 |  2.8
Spellcasting   | 2 3 |  3.0
Fire Magic     | 4 |  4.6
Fighting       | |  3.2

Action                   |  1- 3 |  4- 6 || total
-------------------------+-------+-------++-------
Melee: Mace              |    21 |       ||    21
       Dagger            |    12 |    53 ||    65
       Punch             |       |     1 ||     1
 Cast: Scorch            |    14 |    10 ||    24
Evoke: Wand              |       |     1 ||     1
  Use: Potion            |     2 |       ||     2
Armor: Robe              |    12 |    12 ||    24
Dodge: Dodged            |    17 |    14 ||    31

Table legend: (Time is in decaauts)
 A = Elapsed time spent in this place.
 B = Non-inter-level travel time spent in this place.
 C = Inter-level travel time spent in this place.
 D = Time resting spent in this place.
 E = Time spent auto-exploring this place.
 F = Levels seen in this place.
 G = Mean time per level.
                   A        B        C        D        E       F      G
               +--------+--------+--------+--------+--------+-----+--------+
         Total |   1232 |   1177 |     55 |      0 |    912 |   3 |  410.7 |
       Dungeon |   1232 |   1177 |     55 |      0 |    912 |   3 |  410.7 |
               +--------+--------+--------+--------+--------+-----+--------+

Top non-repeatable levels by time:
     D:2: 649 daAuts
     D:1: 393 daAuts
     D:3: 189 daAuts
